 Dungeon Crawl Stone Soup version 0.20-a0-893-g832831a (webtiles) character file.

28 polly the Skirmisher (level 3, 19/29 HPs)
             Began as a Demonspawn Fighter on Mar 16, 2017.
             Quit the game on level 2 of the Dungeon.
             The game lasted 00:00:50 (707 turns).

polly the Skirmisher (Demonspawn Fighter)            Turns: 707, Time: 00:00:51

Health: 19/29      AC:  7    Str: 17    XL:     3   Next: 0%
Magic:  3/3        EV:  4    Int:  9    God:
Gold:   79         SH:  9    Dex: 12    Spells: 2/2 levels left

rFire    . . .     SeeInvis .     - Unarmed
rCold    . . .     Gourm    .   m - -2 chain mail (curse)
rNeg     . . .     Faith    .   b - +0 shield
rPois    .         Spirit   .   (no helmet)
rElec    .         Reflect  .   (no cloak)
rCorr    .         Harm     .   (no gloves)
MR       .....                  (no boots)
Stlth    ..........             (no amulet)
Regen    0.1/turn               (no ring)
MPRegen  0.1/turn               (no ring)

@: no status effects
A: hooves 1, rot immunity
a: no special abilities


You were on level 2 of the Dungeon.
You were not hungry.

You visited 1 branch of the dungeon, and saw 2 of its levels.

You collected 79 gold pieces.

Inventory:

Armour
 a - a +0 scale mail
 b - a +0 shield (worn)
 m - a cursed -2 chain mail (worn)
Scrolls
 e - 3 scrolls of enchant weapon {unknown}
 f - 2 scrolls of blinking {unknown}
 k - a scroll of remove curse {unknown}
 l - 2 scrolls of magic mapping {unknown}
 o - a scroll of teleportation {unknown}
Potions
 c - a potion of might
 g - 3 potions of curing {unknown}
 h - a potion of cancellation {unknown}
 i - a potion of haste {unknown}
 j - a potion of flight {unknown}
 n - a potion of berserk rage {unknown}
Comestibles
 d - 2 bread rations


   Skills:
 + Level 3.2 Fighting
 + Level 3.1 Armour
 + Level 0.1 Dodging
 + Level 3.0 Shields
 + Level 2.0 Unarmed Combat


You had 2 spell levels left.
You didn't know any spells.

Dungeon Overview and Level Annotations

Branches:
Dungeon (2/15)

Altars:
Dithmenos


Innate Abilities, Weirdness & Mutations

You have large cloven feet.
You are immune to rotting.


Message History

You hit the ooze but do no damage.
The ooze is almost dead.
The ooze hits you but does no damage. The rat bites you.
Your chain mail prevents you from hitting the ooze.
The ooze is almost dead.
The ooze hits you. The rat barely misses you.
You hit the ooze.
You kill the ooze!
Your Unarmed Combat skill increases to level 2!
The rat bites you.
Your shield and chain mail prevent you from hitting the rat.
The rat bites you.
You hit the rat.
You kill the rat!
You have reached level 3!
Your experience leads to an increase in your attributes!
Increase (S)trength, (I)ntelligence, or (D)exterity?
You feel stronger.
Your demonic ancestry asserts itself...
Your feet thicken and deform.
Are you sure you want to abandon this character and quit the game? (Confirm with "yes".)

§§ #.........
^§§ #.........
^^§# #......?..
.≈#^.+.........
§...^#.........
(........<.....
.≈.^^...†......
#.@.......
##.#######
.#.≈≈(≈#≈( #.#
####..^≈.^.^^
#.#
...........##
#.#######
............#
#........
............##
#........
..(..........#
#........
(..........#.#
#........


There were no monsters in sight!

Vanquished Creatures
  An ooze (D:2)
  2 dart slugs
  2 bats
  A giant cockroach (D:1)
  A goblin (D:2)
  4 hobgoblins
  2 frilled lizards
  5 kobolds
  3 rats
21 creatures vanquished.

Notes
Turn   | Place    | Note
-------+----------+-------------------------------------------
     0 | D:1      | polly the Demonspawn Fighter began the quest for the Orb.
     0 | D:1      | Reached XP level 1. HP: 18/18 MP: 1/1
   244 | D:1      | Gained mutation: You are immune to rotting. [demonic ancestry]
   244 | D:1      | Reached XP level 2. HP: 23/24 MP: 2/2
   610 | D:2      | Found a shadowy altar of Dithmenos.
   706 | D:2      | Gained mutation: You have large cloven feet. [demonic ancestry]
   706 | D:2      | Reached XP level 3. HP: 19/29 MP: 3/3
   707 | D:2      | Quit the game

Vault maps used:
D:1:      dpeg_arrival_round_c
D:2:      grunt_qazlal_sundering, bloody_trog, grunt_dithmenos_smoke,
          uniq_terence

Skill      XL: |  1  2 |
---------------+-------+-----
Armour         | 3 |  3.1
Shields        | 3 |  3.0
Unarmed Combat | 2 |  2.0
Fighting       | |  3.2
Dodging        | |  0.1

Action                   || total
-------------------------++-------
Melee: Unarmed           ||    96
Armor: Scale mail        ||    12
       Chain mail        ||    28
Dodge: Dodged            ||    15
Block: Shield            ||    47
